 Dungeon Crawl Stone Soup version 0.30-a0-51-g784eafce7f (webtiles) character file.

Game seed: 7019994488018979138

1152 LnG the Cleaver (level 8, -1/70 HPs)
             Began as a Hill Orc Fighter on Sept 5, 2022.
             Was a Believer of Uskayaw.
             Succumbed to Edmund's poison
             ... on level 6 of the Dungeon.
             The game lasted 00:14:02 (5831 turns).

LnG the Cleaver (Hill Orc Fighter)                  Turns: 5831, Time: 00:14:03

Health: -1/70      AC: 13    Str: 21    XL:     8   Next: 38%
Magic:  8/8        EV: 10    Int:  8    God:    Uskayaw [**....]
Gold:   261        SH:  4    Dex:  8    Spells: 7/7 levels left

rFire   . . .      SeeInvis .    a - +0 war axe (chaos)
rCold   . . .      Faith    .    c - +0 buckler
rNeg    . . .      Spirit   .    e - +3 ring mail
rPois   .          Reflect  .    (no helmet)
rElec   .          Harm     .    (no cloak)
rCorr   .          Rampage  .    q - +0 pair of gloves
Will    .....                    t - +0 pair of boots {Stlth+}
Stlth   ++........               (no amulet)
HPRegen 0.21/turn                y - +4 ring of protection
MPRegen 0.11/turn                (no ring)

@: lethally poisoned (-1 -> -31)
A: clumsy 1, deformed body
a: Renounce Religion, Stomp, Line Pass


You were on level 6 of the Dungeon.
You worshipped Uskayaw.
Uskayaw was noncommittal.
You visited 2 branches of the dungeon, and saw 7 of its levels.

You collected 261 gold pieces.

Inventory:

Hand Weapons
 a - a +0 war axe of chaos (weapon)
Missiles
 n - 13 boomerangs (quivered)
Armour
 c - a +0 buckler (worn)
 e - a +3 ring mail (worn)
 q - a +0 pair of gloves (worn)
 t - a +0 pair of boots of stealth (worn)
Jewellery
 y - a +4 ring of protection (left hand)
Wands
 z - a wand of digging (1)
Scrolls
 b - a scroll of immolation {unknown}
 i - 2 scrolls of noise
 j - 2 scrolls of amnesia {unknown}
 p - 2 scrolls of magic mapping {unknown}
 u - a scroll of blinking
 v - a scroll of enchant armour {unknown}
 x - a scroll of enchant weapon {unknown}
Potions
 d - a potion of might
 f - 3 potions of haste
 h - a potion of lignification {unknown}
 k - 3 potions of curing
 l - a potion of resistance {unknown}
 m - a potion of ambrosia {unknown}
 o - a potion of heal wounds {unknown}
 r - a potion of mutation {unknown}
 s - 3 potions of brilliance
 w - a potion of flight {unknown}


   Skills:
 + Level 5.9 Fighting
 + Level 8.1 Axes
 + Level 6.3 Armour
 + Level 1.6 Dodging
 + Level 1.0 Stealth
 + Level 4.9 Shields


You had 7 spell levels left.
You didn't know any spells.
Your spell library contained the following spells:

 Spells                   Type           Power      Damage    Failure   Level
 Magic Dart               Conj           0%         1d3       65%         1
 Slow                     Hex            0%         N/A       65%         1
 Call Imp                 Summ           0%         N/A       78%         2
 Searing Ray              Conj           0%         2d4       78%         2
 Confusing Touch          Hex            0%         N/A       95%         3
 Gell's Gravitas          Tloc           0%         N/A       95%         3
 Ignite Poison            Fire/Tmut/Pois 0%         N/A       95%         3
 Lesser Beckoning         Tloc           0%         N/A       95%         3
 Mephitic Cloud           Conj/Pois/Air  0%         N/A       95%         3
 Teleport Other           Tloc           0%         N/A       95%         3
 Vampiric Draining        Necr           0%         2d6       95%         3
 Fulminant Prism          Conj/Hex       0%         3d6       100%        4
 Freezing Cloud           Conj/Ice/Air   0%         6-21      100%        5


Dungeon Overview and Level Annotations

Branches:
Dungeon (6/15)             Temple (1/1) D:4

Altars:
Ashenzari
Cheibriados
Dithmenos
Elyvilon
Fedhas
Gozag
Hepliaklqana
Kikubaaqudgha
Makhleb
Nemelex Xobeh
Okawaru
Qazlal
Ru
Sif Muna
Trog
Uskayaw
Vehumet
Wu Jian
Xom
Yredelemnul
Zin
The Shining One


Innate Abilities, Weirdness & Mutations

You are clumsy. (Dex -2)
Armour fits poorly on your strangely shaped body.


Message History

You hit Edmund.
Edmund is heavily wounded.
Edmund hits you with a +1 flail of venom.
You are poisoned.
You barely miss Edmund.
Edmund is heavily wounded.
You feel sick. You block Edmund's attack.
Edmund hits you with a +1 flail of venom!
You are more poisoned.
You hit Edmund but do no damage.
Edmund is poisoned.
Edmund is heavily wounded.
You feel very sick. Edmund hits you but does no damage.
You are more poisoned.
You hit Edmund.
Edmund is heavily wounded.
You feel extremely sick.
Edmund hits you with a +1 flail of venom.
You are more poisoned.
You hit Edmund. You burn Edmund.
Edmund is severely wounded.
You feel extremely sick. Edmund hits you but does no damage.
You are lethally poisoned!
You can now pass through a line of other dancers.
You hit Edmund but do no damage. You drain Edmund.
Edmund is severely wounded.
You feel extremely sick.
Edmund hits you with a +1 flail of venom.
* * * LOW HITPOINT WARNING * * *
You are more poisoned.
You hit Edmund.
You feel better.
Edmund is almost dead.
* * * LOW HITPOINT WARNING * * *
You feel extremely sick.
Edmund hits you with a +1 flail of venom.
* * * LOW HITPOINT WARNING * * *
You slash Edmund! You burn Edmund.
You kill Edmund!
You die...

############
#?.........#
#....).....#
#..?@......#
#.......$..#
#...........
#..........#
#..........#
$...........
$..##########
.###


There were no monsters in sight!

Vanquished Creatures
  A cane toad (shapeshifter) (D:5)
  Edmund (D:6)
  A black bear (D:5)
  2 ogres (D:5)
  A centaur (D:5)
  A phantom (D:5)
  A scorpion (D:5)
  2 necrophages
  2 hounds (D:5)
  2 iguanas (D:5)
  8 adders
  A shadow imp (D:3)
  A white imp (D:5)
  An ufetubus (D:3)
  2 dart slugs (D:1)
  A worm (D:4)
  An orc (D:4)
  8 ball pythons
  3 bats
  An endoplasm (D:2)
  5 giant cockroaches
  5 goblins
  A hobgoblin (D:2)
  3 jackals (D:4)
  3 quokkas
  5 kobolds
  2 rats (D:2)
65 creatures vanquished.

Notes
Turn   | Place    | Note
-------+----------+-------------------------------------------
     0 | D:1      | LnG the Hill Orc Fighter began the quest for the Orb.
     0 | D:1      | Reached XP level 1. HP: 19/19 MP: 1/1
   433 | D:1      | Reached XP level 2. HP: 27/27 MP: 2/2
   445 | D:1      | Reached skill level 3 in Axes
   779 | D:2      | Reached XP level 3. HP: 33/33 MP: 3/3
  1807 | D:3      | Reached skill level 4 in Axes
  1807 | D:3      | Reached XP level 4. HP: 40/40 MP: 4/4
  1841 | D:3      | Found a faded altar of an unknown god.
  2822 | D:4      | Reached XP level 5. HP: 46/46 MP: 5/5
  2857 | D:4      | Reached skill level 5 in Axes
  2924 | D:4      | Found a staircase to the Ecumenical Temple.
  2935 | Temple   | Entered the Ecumenical Temple
  3589 | D:5      | Entered Level 5 of the Dungeon
  3589 | D:5      | Noticed a centaur
  3600 | D:5      | Noticed an ogre
  3601 | D:5      | Killed a centaur
  3602 | D:5      | Reached XP level 6. HP: 26/53 MP: 6/6
  3779 | D:5      | Reached skill level 6 in Axes
  4139 | D:5      | Reached skill level 5 in Armour
  4139 | D:5      | Reached XP level 7. HP: 40/60 MP: 7/7
  4246 | D:5      | Reached skill level 5 in Fighting
  4390 | D:5      | Found a hide-covered altar of Uskayaw.
  4392 | D:5      | Found a shimmering blue altar of Sif Muna.
  4392 | D:5      | Found a shadowy altar of Dithmenos.
  4395 | D:5      | Found an iron altar of Okawaru.
  4401 | D:5      | Became a worshipper of Uskayaw the Reveller
  4565 | D:5      | Reached * piety under Uskayaw
  4761 | D:5      | Found a burning altar of Makhleb.
  4789 | D:5      | Reached ** piety under Uskayaw
  4790 | D:5      | Reached skill level 7 in Axes
  4790 | D:5      | Reached skill level 1 in Dodging
  4840 | D:5      | Found an ancient bone altar of Kikubaaqudgha.
  4841 | D:5      | Found a glowing silver altar of Zin.
  4850 | D:5      | Found a stormy altar of Qazlal.
  4919 | D:5      | Reached XP level 8. HP: 69/69 MP: 8/8
  5135 | D:5      | Identified the +0 robe of Autumn {rC+}
  5193 | D:5      | Found an opulent altar of Gozag.
  5263 | D:6      | Noticed Edmund
  5273 | D:5      | Noticed a glowing shapeshifter
  5273 | D:5      | a black bear changed into a glowing shapeshifter
  5273 | D:5      | Noticed a manticore
  5273 | D:5      | a glowing shapeshifter changed into a manticore
  5275 | D:5      | Noticed a dream sheep
  5275 | D:5      | a manticore changed into a dream sheep
  5276 | D:5      | Noticed a shock serpent
  5276 | D:5      | a dream sheep changed into a shock serpent
  5276 | D:5      | Reached *** piety under Uskayaw
  5281 | D:5      | Noticed a shining eye
  5281 | D:5      | a shock serpent changed into a shining eye
  5283 | D:5      | Noticed a wolf spider
  5283 | D:5      | a shining eye changed into a wolf spider
  5284 | D:5      | Noticed a snapping turtle
  5284 | D:5      | a wolf spider changed into a snapping turtle
  5284 | D:5      | Reached **** piety under Uskayaw
  5287 | D:5      | Noticed a shining eye
  5287 | D:5      | a snapping turtle changed into a shining eye
  5289 | D:5      | Gained mutation: Armour fits poorly on your strangely
                  | shaped body. [a shining eye]
  5290 | D:5      | Gained mutation: You are clumsy. (Dex -2) [a shining eye]
  5292 | D:5      | Noticed a two-headed ogre
  5292 | D:5      | a shining eye changed into a two-headed ogre
  5293 | D:5      | Noticed an elephant
  5293 | D:5      | a two-headed ogre changed into an elephant
  5301 | D:5      | Noticed a torpor snail
  5301 | D:5      | an elephant changed into a torpor snail
  5302 | D:5      | Noticed a deep troll
  5302 | D:5      | a torpor snail changed into a deep troll
  5305 | D:5      | Noticed an eye of devastation
  5305 | D:5      | a deep troll changed into an eye of devastation
  5535 | D:5      | Noticed a harpy
  5541 | D:5      | Noticed a cane toad
  5541 | D:5      | a harpy changed into a cane toad
  5547 | D:5      | Killed a cane toad
  5548 | D:5      | Reached skill level 8 in Axes
  5548 | D:5      | Reached skill level 1 in Stealth
  5831 | D:6      | Killed Edmund
  5831 | D:6      | Succumbed to Edmund's poison

Illustrated notes

Levels and vault maps discovered:
D:1:      dpeg_arrival_three_smaller_balls, layout_basic
D:2:      layout_basic
D:3:      layout_loops_corners, ebering_ecumenical_altar_hall,
          small_statue_intersection, kennysheep_generic_room_15
D:4:      layout_basic, minmay_temple_entry_mist
D:5:      layout_loops_ring, pdpol_temple_overflow_zin_treasury_gozag_greed,
          chequers_temple_overflow_statue_of_worship, makhleb_heckhound_becter,
          grunt_temple_overflow_open
D:6:      layout_rooms, chequers_hall_statues_wall_a, due_unseen_surprise,
          uniq_edmund
Temple:   hellmonk_temple_forest_ring

Skill      XL: |  1  2  3  4  5  6  7  8 |
---------------+-------------------------+-----
Axes           | 3 4 5 6 7 8 |  8.1
Fighting       | 4 5 |  5.9
Shields        | 4 |  4.9
Armour         | 4 5 6 |  6.3
Dodging        | 1 |  1.6
Stealth        | 1 |  1.0

Action                   |  1- 3 |  4- 6 |  7- 9 || total
-------------------------+-------+-------+-------++-------
Melee: War axe           |    75 |   129 |    82 ||   286
  Use: Scroll            |       |     7 |     4 ||    11
       Potion            |       |       |     1 ||     1
 Stab: Paralysed         |       |       |     1 ||     1
       Sleeping          |       |       |     1 ||     1
Armor: Scale mail        |    37 |    65 |       ||   102
       Ring mail         |       |       |    33 ||    33
Dodge: Dodged            |    35 |    61 |    36 ||   132
Block: Buckler           |    16 |    32 |    25 ||    73

Table legend: (Time is in decaauts)
 A = Elapsed time spent in this place.
 B = Non-inter-level travel time spent in this place.
 C = Inter-level travel time spent in this place.
 D = Time resting spent in this place.
 E = Time spent auto-exploring this place.
 F = Levels seen in this place.
 G = Mean time per level.
                   A        B        C        D        E       F      G
               +--------+--------+--------+--------+--------+-----+--------+
         Total |   5914 |   5675 |    239 |   1885 |   2553 |   7 |  844.9 |
       Dungeon |   5719 |   5531 |    188 |   1885 |   2421 |   6 |  953.2 |
        Temple |    194 |    143 |     51 |      0 |    132 |   1 |  194.0 |
               +--------+--------+--------+--------+--------+-----+--------+

Top non-repeatable levels by time:
     D:5: 2132 daAuts
     D:3: 1177 daAuts
     D:4: 1104 daAuts
     D:1: 666 daAuts
     D:2: 624 daAuts
  Temple: 194 daAuts
     D:6: 14 daAuts
